Map: Para Site LE

Players

PengWin

  • Race: Zerg Zerg
  • Spawn Location: 11:00

eonblu - Winner!

  • Race: Zerg Zerg
  • Spawn Location: 5:00

Event: WCS Montreal 2018

VOD

Have the link to the VOD?

Description

Time

  • Played on: Sept. 7, 2018, 1:11 p.m.
  • Length: 12:10

All games in this series

Show
View Real Time Build Order
Export as new Build Order

PengWin Zerg 

Build Orders: Pool First, Lurkers 

Get SALT Encoding   

  12  0:01  Drone  
  13  0:12  Overlord  
  13  0:17  Drone  
  14  0:31  Drone x2  
  14  0:34  Drone  
  17  0:46  Spawning Pool  
  17  0:49  Drone  
  17  0:57  Drone  
  18  1:11  Hatchery  
  17  1:13  Extractor  
  17  1:15  Drone  
  17  1:33  Zergling x4  
  17  1:34  Queen  
  21  1:40  Drone  
  22  1:52  Overlord  
  22  2:10  Drone  
  22  2:11  Queen  
  22  2:14  Drone  
  26  2:17  Metabolic Boost  
  26  2:22  Drone  
  27  2:27  Zergling x2  
  28  2:35  Queen  
  28  2:36  Spine Crawler  
  29  2:40  Drone x2  
  31  2:47  Drone x2  
  31  2:48  Drone  
  35  2:58  Baneling Nest  
  34  3:07  Drone x2, Overlord  
  34  3:09  Drone, Spine Crawler  
  36  3:14  Lair  
  36  3:23  Extractor  
  36  3:24  Drone  
  36  3:25  Drone x2  
  36  3:26  Drone  
  39  3:28  Drone  
  37  3:47  Drone  
  37  3:48  Drone x5  
  39  3:57  Queen  
  39  3:59  Zergling x2  
  39  4:00  Zergling x4  
  44  4:08  Overlord  
  44  4:09  Overlord  
  44  4:10  Extractor  
  44  4:12  Zergling x2  
  44  4:17  Spine Crawler  
  44  4:20  Baneling x4  
  43  4:25  Drone  
  43  4:27  Drone  
  43  4:29  Drone  
  46  4:38  Spire  
  46  4:40  Extractor  
  46  4:42  Drone  
  46  4:43  Drone x4  
  49  4:48  Drone x2  
  51  4:59  Zergling x10  
  56  5:05  Drone x3  
  58  5:20  Drone x2  
  59  5:25  Overlord  
  59  5:27  Overlord  
  58  5:33  Hatchery  
  57  5:51  Mutalisk x3  
  57  5:52  Mutalisk x4  
  71  6:01  Mutalisk  
  71  6:03  Overlord x2  
  73  6:05  Mutalisk  
  75  6:41  Hydralisk Den  
  75  6:44  Evolution Chamber  
  73  6:50  Drone x8  
  73  6:51  Drone x3, Queen  
  73  6:52  Mutalisk  
  88  6:59  Overlord x2  
  88  7:09  Zerg Missile Weapons Level 1  
  88  7:13  Lurker Den  
  87  7:33  Extractor  
  87  7:34  Drone x3  
  87  7:35  Extractor, Drone x3  
  91  7:40  Spore Crawler  
  91  7:48  Overseer  
  91  7:50  Hydralisk x7  
  105  8:04  Overlord x3  
  105  8:26  Hydralisk x2  
  109  8:39  Lurker x7  
  116  8:43  Zergling x26  
  116  8:45  Overlord x4  
  128  8:59  Overseer  
  128  9:03  Lurker x2  
  128  9:07  Overseer  
  128  9:08  Nydus Network  
  128  9:09  Pneumatized Carapace  
  128  9:13  Drone x4  
  128  9:14  Drone x8  
  119  9:22  Mutalisk x2  
  123  9:31  Mutalisk x2  
  122  9:43  Mutalisk x2  
  125  9:58  Mutalisk x3  
  129  10:04  Nydus Canal  
  129  10:05  Zergling x8  
  129  10:06  Zergling x6  
  136  10:10  Overseer  
  134  10:28  Queen  
  121  10:47  Hatchery  
  120  10:52  Hydralisk x2  
  120  10:53  Hydralisk x3, Infestation Pit  
  130  11:00  Overlord x2  
  130  11:01  Zergling x2  
  129  11:04  Hatchery  
  121  11:21  Lurker x3  
  124  11:26  Lurker x2  
  85  11:55  Hatchery  
  85  12:00  Hatchery  
Show
View Real Time Build Order
Export as new Build Order

eonblu Zerg - Winner!

Build Orders: Hatch First, Roach Hydra 

Get SALT Encoding   

  12  0:01  Drone  
  13  0:12  Overlord  
  13  0:17  Drone  
  14  0:30  Drone x2  
  16  0:47  Hatchery  
  15  0:50  Drone  
  15  0:54  Drone  
  17  1:04  Extractor  
  17  1:10  Spawning Pool  
  15  1:13  Drone  
  15  1:15  Drone  
  17  1:19  Drone  
  18  1:28  Drone  
  19  1:40  Overlord  
  19  1:56  Queen  
  19  1:57  Zergling x2  
  19  1:59  Zergling x2, Queen  
  19  2:00  Zergling x2  
  26  2:06  Metabolic Boost  
  26  2:10  Drone  
  26  2:14  Drone  
  28  2:22  Drone x2  
  30  2:42  Baneling Nest  
  30  2:44  Zergling x8  
  33  2:53  Hatchery  
  32  3:01  Overlord  
  32  3:04  Drone x2  
  34  3:07  Drone  
  34  3:09  Drone  
  36  3:14  Overlord  
  36  3:20  Drone x2  
  36  3:24  Drone  
  36  3:25  Drone  
  40  3:27  Baneling x2  
  40  3:29  Drone  
  41  3:40  Drone x5  
  43  3:48  Overlord  
  40  3:55  Drone  
  40  3:56  Extractor x2, Drone, Zergling x6  
  40  3:59  Drone  
  44  4:03  Evolution Chamber  
  44  4:06  Drone  
  44  4:07  Drone  
  45  4:11  Drone  
  45  4:13  Lair  
  45  4:16  Drone  
  47  4:18  Queen  
  47  4:22  Overlord  
  47  4:23  Drone  
  50  4:25  Drone  
  50  4:28  Overlord  
  51  4:34  Zerg Missile Weapons Level 1  
  51  4:39  Drone x2  
  51  4:40  Drone  
  51  4:42  Drone x2  
  56  4:47  Roach Warren  
  56  4:52  Overlord  
  55  4:54  Drone x3  
  55  4:58  Overlord  
  58  5:10  Drone x3  
  58  5:12  Overlord  
  59  5:23  Overseer  
  59  5:27  Drone x3  
  62  5:29  Spore Crawler  
  62  5:30  Spore Crawler  
  62  5:33  Spore Crawler  
  59  5:36  Queen  
  59  5:37  Queen x2  
  59  5:41  Overlord  
  59  5:42  Overlord  
  65  5:47  Zergling x6  
  65  5:48  Zergling x4  
  65  5:49  Baneling  
  70  5:50  Baneling  
  70  5:53  Drone x2  
  72  6:01  Glial Reconstitution  
  72  6:02  Drone x3, Hydralisk Den  
  72  6:03  Drone x5  
  72  6:04  Drone  
  80  6:21  Spore Crawler  
  79  6:27  Extractor  
  79  6:28  Extractor x2  
  76  6:33  Drone x3  
  76  6:34  Grooved Spines  
  76  6:35  Drone x3  
  76  6:36  Drone x3  
  85  6:45  Roach x4  
  92  6:57  Zerg Missile Weapons Level 2  
  92  7:02  Baneling x2  
  92  7:04  Baneling x2  
  92  7:05  Roach x9  
  110  7:18  Overlord x5  
  110  7:19  Overlord  
  108  7:38  Overlord x3  
  108  7:42  Hydralisk, Overlord x2  
  108  7:43  Hydralisk x2  
  113  7:45  Muscular Augments  
  113  7:49  Spore Crawler  
  112  7:54  Hydralisk  
  112  7:55  Hydralisk x8  
  130  8:07  Roach x3  
  136  8:13  Hatchery  
  136  8:15  Hydralisk x7  
  149  8:30  Overlord x3  
  149  8:35  Hydralisk x3  
  149  8:36  Hydralisk x2  
  159  8:46  Hydralisk x4  
  163  8:59  Roach x7  
  172  9:15  Roach x9  
  182  9:23  Roach  
  182  9:24  Roach x3  
  177  9:44  Overseer  
  177  9:45  Overseer  
  157  9:46  Pneumatized Carapace  
  157  9:47  Infestation Pit  
  157  9:48  Drone x11  
  167  10:01  Drone x2  
  169  10:07  Hydralisk  
  169  10:08  Hydralisk x4  
  175  10:30  Roach x12  
  175  10:35  Hive  
  189  10:42  Overlord x2  
  185  10:48  Hydralisk x8  
  199  10:53  Overseer x2  
  199  10:54  Overseer  
  199  10:55  Overlord x3  
  199  10:56  Overlord  
  199  10:59  Extractor  
Tags
 
Add a new tag
Caveats
  • Supply blocks, unpowered buildings, or Contaminate may cause inaccurate times.
  • Supply counts are checked every 10 seconds.